 Dungeon Crawl Stone Soup version 0.30-a0-222-ge547ba4400 (webtiles) character file.

Game seed: 3351912979291550734

326 Belterius the Covered (level 6, -4/56 HPs)
             Began as a Minotaur Fighter on Oct 8, 2022.
             Killed from afar by Eustachio (14 damage)
             ... with a bolt of dispelling energy
             ... on level 4 of the Dungeon.
             The game lasted 00:02:48 (2641 turns).

Belterius the Covered (Minotaur Fighter)            Turns: 2641, Time: 00:02:48

Health: -4/56      AC:  7    Str: 23    XL:     6   Next: 24%
Magic:  5/5        EV:  9    Int:  5    God:
Gold:   165        SH:  4    Dex:  9    Spells: 5/5 levels left

rFire   . . .      SeeInvis .    a - +0 war axe
rCold   . . .      Faith    .    c - +0 buckler
rNeg    . . .      Spirit   .    b - +0 scale mail
rPois   .          Reflect  .    (helmet restricted)
rElec   .          Harm     .    (no cloak)
rCorr   .          Rampage  .    (no gloves)
Will    .....                    (no boots)
Stlth   ..........               (no amulet)
HPRegen 0.29/turn                (no ring)
MPRegen 0.09/turn                (no ring)

@: mighty
A: horns 2, retaliatory headbutt
a: no special abilities


You were on level 4 of the Dungeon.
You visited 1 branch of the dungeon, and saw 4 of its levels.

You collected 165 gold pieces.

Inventory:

Hand Weapons
 a - a +0 war axe (weapon)
Armour
 b - a +0 scale mail (worn)
 c - a +0 buckler (worn)
Scrolls
 f - 3 scrolls of identify {unknown}
 g - a scroll of vulnerability {unknown}
 i - a scroll of butterflies {unknown}
 j - a scroll of summoning {unknown}
 k - a scroll of magic mapping {unknown}
 n - a scroll of immolation {unknown}
 o - a scroll of brand weapon {unknown}
 q - a scroll of teleportation {unknown}
 r - a scroll of poison {unknown}
 s - a scroll of noise {unknown}
Potions
 e - a potion of invisibility {unknown}
 h - a potion of attraction {unknown}
 l - a potion of haste {unknown}
 m - 3 potions of lignification {unknown}
 p - a potion of curing {unknown}


   Skills:
 + Level 5.2 Fighting
 + Level 4.4 Axes
 + Level 5.3 Armour
 + Level 5.2 Shields


You had 5 spell levels left.
You didn't know any spells.
Your spell library was empty.

Dungeon Overview and Level Annotations

Branches:
Dungeon (4/15)
 Temple: D:4-7

Altars:
Ashenzari
Yredelemnul

Shops:
D:3 :

Annotations:
D:4 Eustachio


Innate Abilities, Weirdness & Mutations

You have a pair of horns on your head.
You reflexively headbutt those who attack you in melee.


Message History

You block the crimson imp's attack. The white imp barely misses you.
You slice Eustachio!! Your headbutt misses Eustachio.
Eustachio is heavily wounded.
You hit the crimson imp. You barely miss the white imp.
You miss the crimson imp. Eustachio hits you with a +0 rapier.
The crimson imp shouts, "Get thee hence, thou pottle-deep kobold-kissing cud-chewer!"
The crimson imp hits you but does no damage.
The crimson imp hits you.
The white imp hits you but does no damage.
Eustachio hits you with a +0 rapier.
* * * LOW HITPOINT WARNING * * *
You slash Eustachio!
Eustachio is severely wounded.
You slash the crimson imp! You barely miss the crimson imp.
You closely miss the white imp.
You hear the quick hiss of an avalanche of sand nearby.
The crimson imp hits you but does no damage.
You block the crimson imp's attack.
The white imp laughs crazily.
The white imp hits you.
* * * LOW HITPOINT WARNING * * *
The white imp freezes you.
* * * LOW HITPOINT WARNING * * *
Eustachio zaps a wand.
The bolt of dispelling energy misses you.
The crimson imp closely misses you. You furiously retaliate!
You headbutt the crimson imp!
The white imp hits you but does no damage.
The crimson imp hits you but does no damage.
You barely miss Eustachio.
Eustachio is severely wounded.
You hit the white imp. You hit the crimson imp.
You kill the crimson imp!
The crimson imp disappears in a puff of smoke!
You slash the crimson imp!
You kill the crimson imp!
The crimson imp disappears in a puff of smoke!
Eustachio zaps a wand.
The bolt of dispelling energy hits you!
Your magical effects are unravelling.
You die...

..............##
..........##.##
..........#..## ##
..........#...# .##
.............####..#
..............##...#
<...........####...#
............##.5§@.##
...........##..†@§..#
................#.....#
....#...........###.....
.....................#..
....#......#.####..#.# .
.....##....#.# .##
###.#####.>#.# # #...##
###.##. #.....##.... .


You could see Eustachio and a white imp (summoned).

Vanquished Creatures
  An ogre (D:4)
  An orc priest (D:3)
  Natasha (thrice) (D:2)
  A gnoll (D:1)
  An adder (D:4)
  2 river rats (D:3)
  2 worms (D:2)
  2 dart slugs
  8 orcs
  8 ball pythons
  5 bats (D:1)
  7 endoplasms
  3 giant cockroaches
  8 goblins
  7 hobgoblins
  4 jackals (D:2)
  7 quokkas
  2 frilled lizards (D:2)
  4 kobolds
  7 rats
83 creatures vanquished.

Notes
Turn   | Place    | Note
-------+----------+-------------------------------------------
     0 | D:1      | Belterius the Minotaur Fighter began the quest for the Orb.
     0 | D:1      | Reached XP level 1. HP: 19/19 MP: 0/0
   118 | D:1      | Reached XP level 2. HP: 27/27 MP: 1/1
   439 | D:1      | Reached XP level 3. HP: 33/33 MP: 2/2
   493 | D:1      | Found a faded altar of an unknown god.
   761 | D:2      | Noticed Natasha
   766 | D:2      | Killed Natasha
   767 | D:2      | Reached XP level 4. HP: 30/40 MP: 3/3
   821 | D:2      | Noticed Natasha
   828 | D:2      | Killed Natasha
   831 | D:2      | Noticed Natasha
   838 | D:2      | Killed Natasha
  1078 | D:2      | Reached XP level 5. HP: 47/47 MP: 4/4
  1083 | D:2      | Found a basalt altar of Yredelemnul.
  1162 | D:2      | You fall into a shaft and drop 1 floor!
  1162 | D:3      | Found Bof Dorgh's Vocational Training.
  1211 | D:3      | Found a broken altar of Ashenzari.
  2288 | D:4      | Noticed an ogre
  2296 | D:4      | Killed an ogre
  2297 | D:4      | Reached skill level 5 in Fighting
  2297 | D:4      | Reached skill level 5 in Armour
  2297 | D:4      | Reached skill level 5 in Shields
  2297 | D:4      | Reached XP level 6. HP: 17/56 MP: 5/5
  2627 | D:4      | Noticed Eustachio
  2641 | D:4      | Killed from afar by Eustachio

Illustrated notes

Levels and vault maps discovered:
D:1:      roderic_octagonal_star, layout_basic,
          ebering_ecumenical_altar_petrified
D:2:      layout_basic, basic_altar, uniq_natasha
D:3:      layout_rooms, nicolae_ashenzari_skybound, gup_sewer_entry_bowl,
          nicolae_shop_vocational
D:4:      layout_cave_pools, nicolae_ossuary_entry_giza, grunt_decor_clamped,
          uniq_eustachio

Skill      XL: |  1  2  3  4  5 |
---------------+----------------+-----
Armour         | 4 5 |  5.3
Fighting       | 4 5 |  5.2
Shields        | 4 5 |  5.2
Axes           | 3 4 |  4.4

Action                   |  1- 3 |  4- 6 || total
-------------------------+-------+-------++-------
Melee: War axe           |    47 |   108 ||   155
       Headbutt          |     5 |    11 ||    16
  Use: Potion            |       |     1 ||     1
Armor: Scale mail        |    26 |    55 ||    81
Dodge: Dodged            |    25 |    58 ||    83
Block: Buckler           |    11 |    26 ||    37

Table legend: (Time is in decaauts)
 A = Elapsed time spent in this place.
 B = Non-inter-level travel time spent in this place.
 C = Inter-level travel time spent in this place.
 D = Time resting spent in this place.
 E = Time spent auto-exploring this place.
 F = Levels seen in this place.
 G = Mean time per level.
                   A        B        C        D        E       F      G
               +--------+--------+--------+--------+--------+-----+--------+
         Total |   2715 |   2647 |     68 |    360 |   1840 |   4 |  678.8 |
       Dungeon |   2715 |   2647 |     68 |    360 |   1840 |   4 |  678.8 |
               +--------+--------+--------+--------+--------+-----+--------+

Top non-repeatable levels by time:
     D:3: 817 daAuts
     D:1: 762 daAuts
     D:2: 728 daAuts
     D:4: 406 daAuts
